 Dungeon Crawl Stone Soup version 0.16.1-11-g651b585 (webtiles) character file.

219 Shoikan the Cudgeler (level 5, -1/45 HPs)
             Began as a Minotaur Berserker on Apr 2, 2015.
             Was a Priest of Trog.
             Slain by a gnoll
             ... wielding a +0 halberd
              (4 damage)
             ... while paralysed
             ... on level 3 of the Dungeon.
             The game lasted 00:08:55 (1943 turns).

Shoikan the Cudgeler (Minotaur Berserker)           Turns: 1943, Time: 00:08:55

Health: -1/45      AC:  5    Str: 22    XL:     5   Next: 63%
Magic:  2/2        EV:  2    Int:  5    God:    Trog [***...]
Gold:   124        SH:  0    Dex:  9    Spells: 0 memorised, 4 levels left

rFire  . . .     SeeInvis .     a - +0 mace
rCold  . . .     Clarity  .     o - +0 ring mail (curse)
rNeg   . . .     SustAb   .     (no shield)
rPois  .         Gourm    .     (helmet restricted)
rElec  .         Spirit   .     (no cloak)
rCorr  .         Warding  .     (no gloves)
rMut   .         Stasis   .     (no boots)
MR     .....                    (no amulet)
Stlth  ..........               (no ring)
                                (no ring)

@: paralysed, exhausted, slowed, not resistant to hostile enchantments,
extremely unstealthy
A: retaliatory headbutt, horns 2
a: Burn Spellbooks, Berserk, Trog's Hand, Renounce Religion


You were on level 3 of the Dungeon.
You worshipped Trog.
Trog was most pleased with you.
You were very hungry.

You visited 1 branch of the dungeon, and saw 3 of its levels.

You collected 124 gold pieces.

Inventory:

Hand weapons
 a - a +0 mace (weapon)
Armour
 o - a cursed +0 ring mail (worn)
Scrolls
 d - a scroll of enchant armour {unknown}
 e - a scroll of amnesia {unknown}
 g - 6 scrolls of identify
 l - a scroll of recharging {unknown}
 q - a scroll of fog {unknown}
 r - a scroll of noise {unknown}
 s - a scroll of fear {unknown}
 u - a scroll of teleportation {unknown}
 v - a scroll of enchant weapon {unknown}
Potions
 b - a potion of agility
 h - a potion of poison {unknown}
 i - a potion of curing {unknown}
 k - a potion of degeneration {unknown}
 m - 2 potions of heal wounds {unknown}
 t - a potion of berserk rage {unknown}
Comestibles
 c - a bread ration
 f - 2 beef jerkies
 j - 2 fruits
 n - a chunk of flesh
 p - a slice of pizza


   Skills:
 - Level 3.6 Fighting
 + Level 7.7 Maces & Flails
 - Level 2.4 Armour
 - Level 2.1 Dodging


You had 4 spell levels left.
You didn't know any spells.

Dungeon Overview and Level Annotations

Branches:
Dungeon (3/15)

Altars:
Nemelex Xobeh


Innate Abilities, Weirdness & Mutations

You reflexively headbutt those who attack you in melee.
You have a pair of horns on your head.


Message History

The bat barely misses you. You furiously retaliate!
You headbutt the bat!!
You kill the bat!
Trog accepts your kill. The gnoll hits you with a halberd.
You are no longer berserk.
You pass out from exhaustion.
You feel yourself slow down.
You are feeling very hungry.
The gnoll hits you with a halberd!
A jackal comes into view.
The jackal barks!
The jackal bites you. The jackal bites you. The gnoll hits you with a halberd!
* * * LOW HITPOINT WARNING * * *
The jackal bites you.
* * * LOW HITPOINT WARNING * * *
A jackal comes into view.
The jackal bites you but does no damage.
The gnoll hits you with a halberd.
You die...

........# ........#
######### ###.
##########.....
......#...h..h.
=.........(....
.........h.......
.......)@g.%.#
########)##### #.#
#.# ####'###
#......# #......#
#......#
#############......#


You could see a gnoll and 3 jackals.

Vanquished Creatures
  An orc wizard (D:3)
  An orc priest (D:3)
  A worker ant (D:3)
  3 gnolls (D:3)
  4 adders
  3 giant geckos
  An ooze (D:1)
  3 orcs (D:3)
  2 giant cockroaches
  6 goblins
  6 hobgoblins
  8 jackals
  5 kobolds
  10 bats
  3 giant newts
  6 rats
63 creatures vanquished.

Notes
Turn   | Place    | Note
--------------------------------------------------------------
     0 | D:1      | Shoikan, the Minotaur Berserker, began the quest for the Orb.
     0 | D:1      | Reached XP level 1. HP: 19/19 MP: 1/1
    24 | D:1      | Reached skill level 4 in Maces & Flails
   174 | D:1      | Reached XP level 2. HP: 8/26 MP: 1/1
   575 | D:1      | Acquired Trog's second power
   688 | D:1      | Reached skill level 5 in Maces & Flails
   928 | D:1      | Reached XP level 3. HP: 27/31 MP: 2/2
  1633 | D:3      | Reached XP level 4. HP: 39/39 MP: 2/2
  1709 | D:3      | Reached skill level 6 in Maces & Flails
  1808 | D:3      | Found a sparkling altar of Nemelex Xobeh.
  1931 | D:3      | Reached skill level 7 in Maces & Flails
  1931 | D:3      | Reached XP level 5. HP: 45/45 MP: 2/2
  1943 | D:3      | Slain by a gnoll

Action                   |  1- 3 |  4- 6 || total
-------------------------+-------+-------++-------
Melee: Mace              |    78 |    29 ||   107
Invok: Burn Spellbooks   |     1 |       ||     1
       Berserk           |       |     1 ||     1
       Trog's Hand       |       |     1 ||     1
  Use: Scroll            |       |     1 ||     1
  Eat: Chunk             |     2 |     1 ||     3
